 Dungeon Crawl Stone Soup version 0.29.0 (webtiles) character file.

Game seed: 429877934091943177

1308 XZede the Spear-Bearer (level 8, -1/60 HPs)
             Began as a Demonspawn Berserker on Aug 30, 2022.
             Was a Believer of Trog.
             Slain by a wight
             ... wielding a +3 battleaxe of freezing
              (11 damage)
             ... on level 7 of the Dungeon.
             The game lasted 00:12:38 (4615 turns).

XZede the Spear-Bearer (Demonspawn Berserker)       Turns: 4615, Time: 00:12:39

Health: -1/60      AC:  6    Str: 19    XL:     8   Next: 32%
Magic:  8/8        EV: 12    Int:  9    God:    Trog [**....]
Gold:   264        SH:  0    Dex: 13    Spells: 7/7 levels left

rFire   . . .      SeeInvis .   u - +1 scythe
rCold   . . .      Faith    .   (shield currently unavailable)
rNeg    . . .      Spirit   .   v - +2 robe {Will+}
rPois   .          Reflect  .   (no helmet)
rElec   .          Harm     .   (no cloak)
rCorr   .          Rampage  .   (no gloves)
Will    ++++.                   (no boots)
Stlth   +.........              (no amulet)
HPRegen 1.20/turn               r - ring of willpower
MPRegen 0.11/turn               (no ring)

@: strong-willed (expiring), on berserk cooldown, regenerating (expiring),
slowed, very slow
A: rugged brown scales 2, spiny 2, demonic touch 2
a: Renounce Religion, Berserk, Trog's Hand


You were on level 7 of the Dungeon.
You worshipped Trog.
Trog was pleased with you.
You visited 1 branch of the dungeon, and saw 7 of its levels.

You collected 264 gold pieces.

Inventory:

Hand Weapons
 u - a +1 scythe (weapon)
Missiles
 e - 4 atropa-tipped darts (quivered)
 f - 39 stones
Armour
 b - a scarf of harm
 v - a +2 robe of willpower (worn)
Jewellery
 r - a ring of willpower (left hand)
Scrolls
 a - a scroll of identify
 k - a scroll of magic mapping
Potions
 d - a potion of ambrosia {unknown}
 g - a potion of berserk rage {unknown}
 i - 2 potions of curing {unknown}
 j - a potion of lignification {unknown}
 m - a potion of magic {unknown}
 o - a potion of flight {unknown}
 q - 2 potions of degeneration {unknown}
 s - 2 potions of heal wounds


   Skills:
 - Level 3.0 Fighting
 * Level 9.7 Polearms
 - Level 1.7 Armour
 - Level 1.7 Dodging


You had 7 spell levels left.
You didn't know any spells.
Your spell library was empty.

Dungeon Overview and Level Annotations

Branches:
Dungeon (8/15)
 Temple: D:4-7         Lair: D:8-11

Altars:
Fedhas
Gozag
Makhleb
Qazlal
Ru
Uskayaw
Vehumet


Innate Abilities, Weirdness & Mutations

You are mostly covered in rugged brown scales. (AC +2, +5% HP)
You are mostly covered in sharp spines.
Your touch may inflict irresistible damage on your foes.


Message History

The wight hits you but does no damage.
A wight comes into view. It is wielding a +4 falchion.
A red film seems to cover your vision as you go berserk!
You feel yourself moving faster!
You feel mighty! The wight is struck by your spines.
The wight hits you with a +0 falchion.
You feel drained.
You slash the wight!
You destroy the wight!
Trog accepts your kill.
Things that are here:
a +0 falchion; a +0 robe You are too injured to fight recklessly!
A wight comes into view.
It is wielding a +3 battleaxe of freezing.
You feel a strong urge to attack something.
The wight is struck by your spines. The wight misses you.
You barely miss the wight.
The wight is lightly damaged.
You are no longer berserk.
You are exhausted.
You feel yourself slow down.
You puncture the wight!
The wight is almost destroyed.
The wight is struck by your spines.
You destroy the wight!
Trog accepts your kill.
Your life force feels restored.
You feel the effects of Trog's Hand fading.
Things that are here:
a +0 falchion; a +0 robe You closely miss the wight.
The wight hits you with a +3 battleaxe of freezing!
The wight freezes you.
* * * LOW HITPOINT WARNING * * *
You closely miss the wight. The wight is struck by your spines.
The wight hits you with a +3 battleaxe of freezing!
* * * LOW HITPOINT WARNING * * *
The wight freezes you.
* * * LOW HITPOINT WARNING * * *
The wight hits you with a +3 battleaxe of freezing!
You die...

#..#..#...#
####..#......#
#..#..#......# ##
#..#.........#
#..#..#.........# .
#..#............#
#.#..#............#
............@z...#
.###...#.....).)..#
......................
........###+######.....
........#........#.....
........#......†.# ....
........#........# ...
.#######......>..# ...
#....##...#


You could see a wight.

Vanquished Creatures
  Sigmund (D:4)
  The ghost of geeeeen the Magician, an amateur DjEE (D:4)
  Duvessa (D:4)
  A water moccasin (D:8)
  A sky beast (D:7)
  A bullfrog (D:8)
  A gnoll sergeant (D:8)
  A necrophage (D:4)
  3 wights (D:7)
  Dowan (D:4)
  A jelly (D:4)
  An orc priest (D:4)
  An iguana (D:4)
  Natasha (thrice) (D:4)
  4 adders
  3 gnolls (D:8)
  2 shadow imps (D:5)
  2 dart slugs
  11 orcs
  5 endoplasms
  5 giant cockroaches
  9 goblins
  6 hobgoblins
  4 jackals (D:1)
  5 kobolds
  3 quokkas (D:4)
  7 ball pythons
  4 bats
  4 frilled lizards
  2 rats (D:2)
94 creatures vanquished.

Notes
Turn   | Place    | Note
-------+----------+-------------------------------------------
     0 | D:1      | XZede the Demonspawn Berserker began the quest for the Orb.
     0 | D:1      | Reached XP level 1. HP: 18/18 MP: 1/1
   188 | D:1      | Reached skill level 3 in Polearms
   411 | D:1      | HP: 1/27 [goblin/+0 club (1)]
   413 | D:1      | Gained mutation: Your touch may inflict minor irresistible
                  | damage on your foes. [demonic ancestry]
   413 | D:1      | Reached XP level 2. HP: 2/24 MP: 2/2
   973 | D:1      | Gained mutation: Your touch may inflict irresistible damage
                  | on your foes. [demonic ancestry]
   973 | D:1      | Reached XP level 3. HP: 28/29 MP: 3/3
  1300 | D:2      | Reached skill level 4 in Polearms
  1559 | D:2      | Reached ** piety under Trog
  1870 | D:2      | Found a faded altar of an unknown god.
  2168 | D:3      | Gained mutation: You are partially covered in sharp spines.
                  | [demonic ancestry]
  2168 | D:3      | Reached XP level 4. HP: 35/35 MP: 4/4
  2207 | D:3      | Found a hide-covered altar of Uskayaw.
  2485 | D:3      | Found a radiant altar of Vehumet.
  2805 | D:4      | Found a sacrificial altar of Ru.
  2810 | D:4      | Reached skill level 5 in Polearms
  2819 | D:4      | Reached XP level 5. HP: 41/41 MP: 5/5
  2870 | D:4      | Found a stormy altar of Qazlal.
  2870 | D:4      | Found a blossoming altar of Fedhas.
  2873 | D:4      | Found an opulent altar of Gozag.
  2879 | D:4      | Noticed Duvessa
  2887 | D:4      | Noticed Dowan
  2895 | D:4      | Killed Duvessa
  2896 | D:4      | Reached skill level 6 in Polearms
  2913 | D:4      | Killed Dowan
  2914 | D:4      | Gained mutation: You are partially covered in rugged brown
                  | scales. (AC +1, +3% HP) [demonic ancestry]
  2914 | D:4      | Reached XP level 6. HP: 14/48 MP: 6/6
  3322 | D:4      | Noticed Natasha
  3328 | D:4      | Killed Natasha
  3346 | D:4      | Noticed Sigmund
  3347 | D:4      | Found a runed translucent door.
  3361 | D:4      | Killed Sigmund
  3362 | D:4      | Reached skill level 7 in Polearms
  3493 | D:4      | Found a runed translucent door.
  3500 | D:4      | Noticed geeeeen's ghost (amateur DjEE)
  3521 | D:4      | Killed geeeeen's ghost
  3522 | D:4      | Gained mutation: You are mostly covered in rugged brown
                  | scales. (AC +2, +5% HP) [demonic ancestry]
  3522 | D:4      | Reached XP level 7. HP: 33/54 MP: 7/7
  3697 | D:4      | Noticed Natasha
  3704 | D:4      | Killed Natasha
  3742 | D:4      | Found a burning altar of Makhleb.
  3758 | D:4      | Reached skill level 8 in Polearms
  4034 | D:4      | Noticed Natasha
  4042 | D:4      | Killed Natasha
  4101 | D:5      | Entered Level 5 of the Dungeon
  4207 | D:5      | You fall into a shaft and drop 3 floors!
  4428 | D:8      | Reached skill level 9 in Polearms
  4428 | D:8      | Gained mutation: You are mostly covered in sharp spines.
                  | [demonic ancestry]
  4428 | D:8      | Reached XP level 8. HP: 39/60 MP: 8/8
  4615 | D:7      | Slain by a wight

Illustrated notes

Levels and vault maps discovered:
D:1:      co_arrival_two_rings, layout_loops_ring
D:2:      layout_loops_corners, shapermc_ecumenical_altar_totnotflames
D:3:      layout_rooms, mainiacjoe_overflow_paths, nicolae_vehumet_altar_sigil,
          nicolae_elevator_lobby_asterisk
D:4:      layout_rooms, grunt_temple_overflow_open,
          nicolae_elyvilon_temple_path, amcnicky_altar_gilded,
          ebering_ghost_sewer_f, uniq_natasha, uniq_duvessa, uniq_sigmund
D:5:      lemuel_insect_pit, layout_basic, uniq_ijyb
D:7:      layout_gridville, serial_shops, nicolae_shop_bloodbath_and_beyond,
          hangedman_abyss_or_decor_stagger, uniq_joseph
D:8:      layout_loops_cross, okawaru_trees_1

Skill      XL: |  1  2  3  4  5  6  7 |
---------------+----------------------+-----
Polearms       | 3 4 5 6 7 9 |  9.7
Fighting       | |  3.0
Armour         | |  1.7
Dodging        | |  1.7

Action                   |  1- 3 |  4- 6 |  7- 9 || total
-------------------------+-------+-------+-------++-------
Melee: Spear             |    97 |    71 |       ||   168
       Punch             |     1 |     3 |       ||     4
       Touch             |    16 |     6 |       ||    22
       Halberd           |       |    18 |    76 ||    94
Invok: Berserk           |     1 |     4 |     2 ||     7
       Trog's Hand       |       |     2 |     1 ||     3
  Use: Scroll            |     3 |     1 |     4 ||     8
       Potion            |       |       |     1 ||     1
Armor: Ring mail         |    17 |     7 |       ||    24
       Animal skin       |     1 |       |       ||     1
       Robe              |       |     4 |    12 ||    16
Dodge: Dodged            |    31 |    24 |    21 ||    76
